 Dungeon Crawl Stone Soup version 0.24.0-37-gcf1ca852f1 (webtiles) character file.

Game seed: 6884021610157228454, levelgen mode: deterministic

51 Descartes the Ducker (level 3, 0/17 HPs)
             Began as a Felid Monk on Dec 8, 2019.
             Succumbed to an adder's poison
             ... on level 2 of the Dungeon.
             The game lasted 00:02:09 (1494 turns).

Descartes the Ducker (Felid Monk)                   Turns: 1494, Time: 00:02:09

Health: 0/17       AC:  1    Str:  8    XL:     3   Next: 57%
Magic:  4/4        EV: 20    Int: 11    God:
Gold:   36         SH:  0    Dex: 18    Spells: 2/2 levels left
                                        Lives:  0   Deaths: 0

rFire    . . .     SeeInvis +     - Unarmed
rCold    . . .     Gourm    .   (shield unavailable)
rNeg     . . .     Faith    .   (armour unavailable)
rPois    .         Spirit   .   (helmet unavailable)
rElec    .         Reflect  .   (cloak unavailable)
rCorr    .         Harm     .   (gloves unavailable)
MR       .....                  (boots unavailable)
Stlth    +++.......             (no amulet)
HPRegen  0.05/turn              (no ring)
MPRegen  0.09/turn              (no ring)

@: lethally poisoned (0 -> -3), quick
A: very small, no armour, no weapons or thrown items, stealth, claws 1, fangs 3,
see invisible, carnivore, speed 1, shaggy fur 1, slow metabolism 1, sharp paws
a: no special abilities


You were on level 2 of the Dungeon.
You were very full.

You visited 1 branch of the dungeon, and saw 2 of its levels.

You collected 36 gold pieces.

Inventory:

Missiles
 b - 63 stones
 e - 46 arrows
Scrolls
 d - a scroll of remove curse {unknown}
 g - a scroll of fog {unknown}
 h - 2 scrolls of immolation {unknown}
 i - a scroll of blinking {unknown}
Potions
 c - a potion of flight {unknown}
 j - a potion of heal wounds {unknown}
 k - 2 potions of curing {unknown}
Comestibles
 a - 5 rations
 f - 7 chunks of flesh


   Skills:
 + Level 3.3 Fighting
 * Level 4.8 Dodging
 + Level 3.2 Stealth
 * Level 3.6 Unarmed Combat


You had 2 spell levels left.
You didn't know any spells.
Your spell library was empty.

Dungeon Overview and Level Annotations

Branches:
Dungeon (2/15)

Altars:


Innate Abilities, Weirdness & Mutations

You cannot wear armour.
You are incapable of wielding weapons or throwing items.
Your paws allow you to move quietly. (Stealth)
You have sharp claws.
You have razor-sharp teeth.
You have supernaturally acute eyesight. (SInv)
You are carnivorous and can eat meat at any time.
You cover ground quickly.
You are covered in fur. (AC +1)
You have a slow metabolism.
Your sharp claws are effective at attacking unaware monsters.


Message History

* * * LOW HITPOINT WARNING * * *
You feel sick. The adder barely misses you.
You scratch the adder.
The adder is severely wounded.
The adder misses you.
You miss the adder. You bite the adder.
You kill the adder!
* * * LOW HITPOINT WARNING * * *
You feel sick.
Items here: ( ) †† a +0 dagger; a stone; an adder corpse; a kobold corpse
* * * LOW HITPOINT WARNING * * *
You feel sick.
Items here: ( ) †† a +0 dagger; a stone; an adder corpse; a kobold corpse
* * * LOW HITPOINT WARNING * * *
You feel sick.
* * * LOW HITPOINT WARNING * * *
You feel sick.
You die...

#...#####.# #.# #
#...#####.###.##.####
#...##..............##
##.###.##.##..##.....
# #.# #
#÷##..##..#.###. ...
#.........#.... #.
.#####.........#
........(###.#..#..#
.......#..@).......#
.##.##.#####.......# #
.. ###.##### ### ...
###


There were no monsters in sight!

Vanquished Creatures
  An adder (D:2)
  A dart slug (D:2)
  7 bats
  A giant cockroach (D:1)
  7 goblins
  5 hobgoblins
  3 jackals (D:1)
  3 frilled lizards
  A kobold (D:2)
  9 rats
38 creatures vanquished.

Notes
Turn   | Place    | Note
-------+----------+-------------------------------------------
     0 | D:1      | Descartes the Felid Monk began the quest for the Orb.
     0 | D:1      | Reached XP level 1. HP: 10/10 MP: 2/2
   279 | D:1      | Reached XP level 2. HP: 14/14 MP: 3/3
  1243 | D:2      | Reached XP level 3. HP: 15/17 MP: 4/4
  1494 | D:2      | Succumbed to an adder's poison

Levels and vault maps discovered:
D:1:      sevenhm_arrival_forest_fort_large_4, layout_loops_ring
D:2:      layout_loops_cross, serial_glass, glass_columns_b, glass_columns_c

Skill      XL: |  1  2 |
---------------+-------+-----
Stealth        | 3 |  3.2
Fighting       | |  3.3
Dodging        | |  4.8
Unarmed Combat | |  3.6

Action                   || total
-------------------------++-------
Melee: Unarmed           ||   148
       Bite              ||     7
       Punch             ||     1
 Stab: Sleeping          ||     5
  Eat: Chunk             ||     8
Armor: Skin              ||    12
Dodge: Dodged            ||   154
